 Dungeon Crawl Stone Soup version 0.22.1-2-g9c5b331383 (webtiles) character file.

105 Knicklaso the Skirmisher (level 4, 0/36 HPs)
             Began as a Demonspawn Wizard on Nov 20, 2018.
             Was an Initiate of Kikubaaqudgha.
             Succumbed to a worker ant's poison
             ... on level 4 of the Dungeon.
             The game lasted 00:08:15 (3372 turns).

Knicklaso the Skirmisher (Demonspawn Wizard)        Turns: 3372, Time: 00:08:15

Health: 0/36       AC:  6    Str:  8    XL:     4   Next: 53%
Magic:  0/8        EV:  9    Int: 20    God:    Kikubaaqudgha [......]
Gold:   101        SH:  0    Dex: 11    Spells: 8/9 levels left

rFire    . . .     SeeInvis .   c - +1 short sword
rCold    . . .     Gourm    .   (no shield)
rNeg     . . .     Faith    .   n - +0 ring mail (curse)
rPois    .         Spirit   +   b - +0 hat
rElec    .         Reflect  .   (no cloak)
rCorr    .         Harm     .   (no gloves)
MR       .....     Rnd*Tele +   h - +0 pair of boots
Stlth    +.........             q - amulet of inaccuracy (curse)
HPRegen  0.12/turn              p - ring of teleportation (curse)
MPRegen  0.11/turn              k - ring of wizardry

@: lethally poisoned (0 -> -7), very slightly contaminated, heavily drained
A: magic shield
a: Renounce Religion


You were on level 4 of the Dungeon.
You worshipped Kikubaaqudgha.
Kikubaaqudgha was noncommittal.
You were hungry.

You visited 1 branch of the dungeon, and saw 4 of its levels.

You collected 101 gold pieces.

Inventory:

Hand Weapons
 c - a +1 short sword (weapon)
 e - a cursed -3 whip
 l - a cursed -2 dagger
Armour
 a - a +0 robe
 b - a +0 hat (worn)
 h - a +0 pair of boots (worn)
 n - a cursed +0 ring mail (worn)
 o - a +0 buckler
Jewellery
 f - an uncursed ring of fire
 k - a ring of wizardry (right hand)
 p - a cursed ring of teleportation (left hand)
 q - a cursed amulet of inaccuracy (around neck)
Scrolls
 g - 2 scrolls of identify
 m - a scroll of teleportation
Potions
 i - a potion of might {unknown}
 r - a potion of degeneration {unknown}
Comestibles
 d - 5 rations


   Skills:
 - Level 3.6(1.5) Fighting
 - Level 1.7(0.0) Dodging
 - Level 1.7(0.0) Stealth
 * Level 1.6(0.0) Shields
 - Level 3.0(0.9) Spellcasting
 - Level 1.0(0.0) Conjurations
   Level 1.0(0.0) Summonings
   Level 0.8(0.0) Translocations


You had 8 spell levels left.
You knew the following spells:

 Your Spells              Type           Power        Failure   Level  Hunger
a - Magic Dart            Conj           #...         22%         1    ##.....

Your spell library contained the following spells:

 Spells                   Type           Power        Failure   Level  Hunger
 Blink                    Tloc           N/A          32%         2    ###....
 Call Imp                 Summ           #.......     32%         2    ###....
 Slow                     Hex            #.......     32%         2    ###....
 Conjure Flame            Conj/Fire      #.......     52%         3    ####...
 Mephitic Cloud           Conj/Pois/Air  #.......     52%         3    ####...


Dungeon Overview and Level Annotations

Branches:
Dungeon (4/15)
 Temple: D:4-7

Altars:
Kikubaaqudgha

Annotations:
D:2 Grinder
D:3 Terence


Innate Abilities, Weirdness & Mutations

When hurt, damage is shared between your health and your magic reserves.


Message History

You barely miss the bullfrog skeleton.
The bullfrog skeleton is almost destroyed.
The bullfrog skeleton hits you.
* * * LOW HITPOINT WARNING * * *
You hit the bullfrog skeleton.
You destroy the bullfrog skeleton!
Kikubaaqudgha accepts your kill.
Your base Shields skill increases to level 1!
You start resting.
You are suddenly yanked towards a nearby monster!
Your surroundings suddenly seem different.
A worker ant comes into view.
The worker ant twitches its antennae in your direction.
Found a stone staircase leading up.
The worker ant bites you.
* * * LOW HITPOINT WARNING * * *
You are lethally poisoned!
The worker ant poisons you!
You die...
Kikubaaqudgha rasps: "You have failed me!
Welcome... death!"

#...# ♣♣♣##...#
.♣.......######
♣..♣...........
♣.............
♣............
#..a# #...#
###@#
#.......(.+
.......#..###
#...###.# ..#
..... .# ..+
.... .# .# .##
.# # .#


You could see a worker ant.

Vanquished Creatures
  A bullfrog skeleton (D:4)
  2 adders
  An ooze (D:3)
  A worm (D:2)
  2 dart slugs (D:2)
  2 leopard geckos (D:1)
  8 goblins
  7 hobgoblins
  2 jackals (D:1)
  A ball python (D:1)
  2 bats
  4 frilled lizards
  7 kobolds
  8 rats
48 creatures vanquished.

Notes
Turn   | Place    | Note
-------+----------+-------------------------------------------
     0 | D:1      | Knicklaso the Demonspawn Wizard began the quest for the
                  | Orb.
     0 | D:1      | Reached XP level 1. HP: 13/13 MP: 4/4
   133 | D:1      | Reached skill level 1 in Fighting
   330 | D:1      | Gained mutation: When hurt, damage is shared between your
                  | health and your magic reserves. [demonic ancestry]
   330 | D:1      | Reached XP level 2. HP: 19/22 MP: 0/6
  1384 | D:2      | Reached XP level 3. HP: 11/28 MP: 0/7
  1803 | D:2      | Found an ancient bone altar of Kikubaaqudgha.
  1849 | D:2      | Became a worshipper of Kikubaaqudgha
  2811 | D:3      | Noticed Grinder
  2880 | D:3      | Reached XP level 4. HP: 36/36 MP: 5/8
  3116 | D:3      | Noticed Terence
  3297 | D:3      | Noticed a hippogriff
  3358 | D:4      | HP: 1/36 [bullfrog skeleton (4)]
  3362 | D:4      | Reached skill level 1 in Shields
  3371 | D:4      | HP: 1/36 [worker ant (3)]
  3372 | D:4      | Succumbed to a worker ant's poison

Skill      XL: |  1  2  3  4 |
---------------+-------------+-----
Fighting       | 1 2 3 |  3.6
Shields        | 1 |  1.6
Dodging        | |  1.7
Stealth        | |  1.7
Spellcasting   | |  3.0
Conjurations   | |  1.0
Summonings     | |  1.0
Translocations | |  0.8

Action                   |  1- 3 |  4- 6 || total
-------------------------+-------+-------++-------
Melee: Short sword       |    60 |    14 ||    74
 Cast: Magic Dart        |   110 |    25 ||   135
  Use: Scroll            |     5 |       ||     5
       Potion            |       |     1 ||     1
 Stab: Sleeping          |       |     1 ||     1
  Eat: Chunk             |     5 |     2 ||     7
Armor: Robe              |    11 |       ||    11
       Ring mail         |    10 |     9 ||    19
Dodge: Dodged            |    36 |    12 ||    48
